 Dungeon Crawl Stone Soup version 0.26-a0-778-g3fe0686644 (webtiles) character file.

Game seed: 1201185171162126004

2597 marklar909 the Conjurer (level 9, -1/70 HPs)
             Began as a Black Draconian Conjurer on Nov 10, 2020.
             Slain by a centaur warrior zombie (6 damage)
             ... on level 7 of the Dungeon.
             The game lasted 00:13:37 (7993 turns).

marklar909 the Conjurer (Black Draconian Conjurer)  Turns: 7993, Time: 00:13:38

Health: -1/70      AC: 10    Str:  9 (10) XL:     9   Next: 33%
Magic:  17/17      EV: 14    Int: 17 (20) God:
Gold:   325        SH:  0    Dex: 10 (11) Spells: 2/18 levels left

rFire    . . .     SeeInvis +     - Unarmed
rCold    + . .     Faith    .   (no shield)
rNeg     . . .     Spirit   .   (armour unavailable)
rPois    .         Reflect  .   (helmet restricted)
rElec    +         Harm     .   v - +2 cloak
rCorr    .         Rampage  .   (no gloves)
MR       .....                  (no boots)
Stlth    +++.......             s - amulet of magic regeneration
HPRegen  0.21/turn              c - ring of wizardry
MPRegen  0.40/turn              q - ring of see invisible

@: no status effects
A: breathe lightning, unfitting armour, big wings, cold resistance 1,
electricity resistance, cold-blooded, AC +7
a: Breathe Lightning, Fly


You were on level 7 of the Dungeon.
You visited 1 branch of the dungeon, and saw 7 of its levels.

You collected 325 gold pieces.

Inventory:

Armour
 v - a +2 cloak (worn)
Jewellery
 c - a ring of wizardry (left hand)
 q - a ring of see invisible (right hand)
 s - an amulet of magic regeneration (around neck)
 t - an uncursed amulet of the acrobat
 u - an uncursed ring of positive energy {unknown}
Wands
 i - a wand of polymorph (7)
 y - a wand of flame (19)
Scrolls
 b - 6 scrolls of identify
 d - a scroll of enchant weapon
 k - 2 scrolls of remove curse
 n - a scroll of amnesia
Potions
 e - a potion of mutation
 f - 4 potions of degeneration


   Skills:
 + Level 3.4 Fighting
 + Level 5.7 Dodging
 + Level 4.8 Stealth
 + Level 3.8 Unarmed Combat
 + Level 5.4 Spellcasting
 + Level 7.5 Conjurations
 + Level 1.5 Translocations
 + Level 0.2 Evocations


You had 2 spell levels left.
You knew the following spells:

 Your Spells              Type           Power        Failure   Level
a - Magic Dart            Conj           ####         1%          1
b - Searing Ray           Conj           ####..       1%          2
c - Dazzling Flash        Conj/Hex       ###...       3%          3
d - Iskenderun's Mystic   Conj/Tloc      ###.....     9%          4
e - Frozen Ramparts       Ice            #.....       16%         3
f - Ozocubu's Armour      Ice            #.......     16%         3

Your spell library contained the following spells:

 Spells                   Type           Power        Failure   Level
 Freeze                   Ice            #...         6%          1
 Gell's Gravitas          Tloc           ##........   9%          3
 Fulminant Prism          Conj/Hex       ###.......   12%         4
 Hailstorm                Conj/Ice       ###.....     12%         4
 Confusing Touch          Hex            #.......     16%         3
 Petrify                  Tmut/Erth      #.......     45%         4
 Summon Ice Beast         Ice/Summ       #.......     45%         4
 Metabolic Englaciation   Hex/Ice        #.........   80%         5
 Yara's Violent Unravell  Hex/Tmut       #.........   80%         5


Dungeon Overview and Level Annotations

Branches:
Dungeon (7/15)             Temple (0/1) D:7

Altars:
Trog

Shops:
D:4 (   D:5 =

Annotations:
D:3 1 runed translucent door, Grant146's ghost, amateur MiBe


Innate Abilities, Weirdness & Mutations

You can breathe wild blasts of lightning.
Your glossy black scales are hard. (AC +7)
You cannot fit into any form of body armour.
You are resistant to electric shocks. (rElec)
You are cold-blooded and may be slowed by cold attacks.
Your large and strong wings let you fly indefinitely.
Your flesh is cold resistant. (rC+)


Message History

Okay, then.
Evoke which item? (* to show all) (? for menu, Esc to quit)
Aiming: Throw Flame
Press: ? - help, Shift-Dir - straight line, f - centaur warrior zombie
Aim: a centaur warrior zombie (lightly damaged)
Okay, then.
Evoke which item? (* to show all) (? for menu, Esc to quit)
Press: ? - help, Shift-Dir - straight line, f - centaur warrior zombie
Aim: a centaur warrior zombie (lightly damaged, not susceptible)
Okay, then.
Unknown command.
Okay, then.
The centaur warrior zombie misses you.
Okay, then.
The centaur warrior zombie barely misses you.
A shadow imp comes into view.
Found a scroll of enchant weapon and a falchion.
There is a stone staircase leading down here.
The centaur warrior zombie hits you.
You die...

,,*,,8,,,8,,,,**,*,#######.###.#
,,,,,,,,,......#.#,#..<..#.# #.#
,,,,,,,,,...8..#.#,###.#...# #.#
,,,,,8,,,8....5#.#,**#.#.### #.#
,,,,,,,,,.8...8#.#,,,..#.# #.#
,,,,,,,,∩)8......#**####.# #.#
,,8,8,8,,?.......#######.# #.#
,*,,,,,,8.8...8..........# #.#
,,,,,,,,,.......@#############.#
,,8,,,,,,..P.....Z.............#
,,,8,,8,,.8.......##############
,,,,,,,,,..P4.....#
***,,,,,,.........#
******,,,.........#
,,,,**,,,.........#
,,,,**,,,.........#
,,,,******###'#.#.#


You could see a hellwing (wandering), a shadow imp (wandering) and a centaur
warrior zombie.

Vanquished Creatures
  A centaur zombie (D:7)
  A hellwing (D:7)
  Grinder (D:5)
  Eustachio (D:4)
  An orc warrior (D:5)
  A sky beast (D:5)
  A phantom (D:4)
  2 ogres
  Blork the orc (D:4)
  2 bullfrogs (D:6)
  3 scorpions
  4 wights (D:6)
  2 orc priests
  A jelly (D:3)
  2 orc wizards
  A bullfrog skeleton (D:4)
  2 centaur skeletons (D:5)
  2 hounds
  Jessica (D:3)
  Natasha (twice) (D:3)
  An iguana (D:5)
  5 worker ants
  A hound skeleton (D:6)
  A howler monkey zombie (D:6)
  Robin (D:4)
  5 adders
  2 shadow imps (D:7)
  A white imp (D:6)
  3 ufetubi
  An ooze (D:3)
  3 worms
  6 dart slugs
  2 leopard geckos
  29 orcs
  2 ball pythons
  7 bats
  3 giant cockroaches
  17 goblins
  6 hobgoblins
  3 jackals (D:1)
  4 kobolds
  3 frilled lizards (D:3)
  A jackal skeleton (D:4)
  A quokka zombie (D:6)
  9 rats
149 creatures vanquished.

Vanquished Creatures (others)
  12 withered plants
12 creatures vanquished.

Grand Total: 161 creatures vanquished

Notes
Turn   | Place    | Note
-------+----------+-------------------------------------------
     0 | D:1      | marklar909 the Draconian Conjurer began the quest for the
                  | Orb.
     0 | D:1      | Reached XP level 1. HP: 14/14 MP: 3/3
   417 | D:1      | Reached XP level 2. HP: 20/20 MP: 1/5
   788 | D:1      | Learned a level 2 spell: Searing Ray
  1026 | D:1      | Reached XP level 3. HP: 26/26 MP: 3/6
  2311 | D:3      | Reached skill level 5 in Conjurations
  2311 | D:3      | Reached XP level 4. HP: 10/33 MP: 4/8
  3041 | D:3      | Reached skill level 1 in Unarmed Combat
  3041 | D:3      | Reached XP level 5. HP: 29/39 MP: 0/9
  3240 | D:3      | Noticed Jessica
  3253 | D:3      | Killed Jessica
  3458 | D:3      | Noticed Natasha
  3464 | D:3      | Killed Natasha
  3625 | D:3      | Found a runed translucent door.
  3625 | D:3      | Noticed Grant146's ghost (amateur MiBe)
  3626 | D:3      | Found a bloodstained altar of Trog.
  3866 | D:3      | Noticed Natasha
  3870 | D:3      | Killed Natasha
  3870 | D:3      | Reached XP level 6. HP: 40/46 MP: 6/11
  3937 | D:3      | Noticed Sigmund
  3943 | D:3      | Noticed Sigmund
  3945 | D:3      | Killed Sigmund the jelly
  3945 | D:3      | Reached skill level 1 in Fighting
  4172 | D:4      | Found Dosoc's Weapon Emporium.
  4174 | D:4      | Noticed Eustachio
  4186 | D:4      | Killed Eustachio
  4491 | D:4      | Noticed Robin
  4517 | D:4      | Killed Robin
  4834 | D:4      | Your scales start taking on a glossy black colour.
  4834 | D:4      | Reached XP level 7. HP: 47/53 MP: 5/12
  4834 | D:4      | Gained mutation: You are resistant to electric shocks.
                  | (rElec) [Black Draconian growth]
  5360 | D:4      | Noticed Blork the orc
  5368 | D:4      | Killed Blork the orc
  5611 | D:4      | Reached skill level 6 in Conjurations
  5704 | D:4      | Learned a level 3 spell: Dazzling Flash
  5709 | D:4      | Learned a level 4 spell: Iskenderun's Mystic Blast
  5732 | D:5      | Entered Level 5 of the Dungeon
  5830 | D:5      | Found Ypisoum's Jewellery Boutique.
  5850 | D:5      | Noticed Grinder
  5856 | D:5      | Killed Grinder
  5856 | D:5      | Reached XP level 8. HP: 54/61 MP: 8/14
  7070 | D:6      | Reached skill level 5 in Dodging
  7291 | D:6      | Reached skill level 7 in Conjurations
  7291 | D:6      | Reached skill level 1 in Translocations
  7508 | D:6      | Reached XP level 9. HP: 70/70 MP: 13/16
  7512 | D:6      | Reached skill level 5 in Spellcasting
  7767 | D:6      | Learned a level 3 spell: Frozen Ramparts
  7771 | D:6      | Learned a level 3 spell: Ozocubu's Armour
  7817 | D:7      | Noticed a hellwing
  7819 | D:7      | Noticed a hellwing
  7848 | D:7      | Gained mutation: Your large and strong wings let you fly
                  | indefinitely. [potion of mutation]
  7848 | D:7      | Gained mutation: Your flesh is cold resistant. (rC+)
                  | [potion of mutation]
  7870 | D:7      | Killed a hellwing
  7983 | D:7      | HP: 3/70 [centaur warrior zombie (4)]
  7993 | D:7      | Slain by a centaur warrior zombie

Illustrated notes

Levels and vault maps discovered:
D:1:      lemuel_arrival_hallway, layout_rooms
D:2:      layout_rooms
D:3:      layout_basic, overflow_temple_1_default, gammafunk_ghost_grave,
          uniq_sigmund, uniq_natasha, uniq_jessica
D:4:      layout_basic, serial_shops, shop_statue, uniq_eustachio,
          uniq_blork_the_orc, uniq_robin
D:5:      layout_loops_ring, serial_shops, nicolae_shop_trees, uniq_grinder
D:6:      layout_gridville, grunt_ministairs_2
D:7:      cheibrodos_grave_circle, layout_basic, temple_statues,
          gammafunk_ghost_stat_death, minmay_misc_feat_tower,
          nrook_pool_corridor, tso_altar

Skill      XL: |  1  2  3  4  5  6  7  8  9 |
---------------+----------------------------+-----
Stealth        | 2 3 4 |  4.8
Conjurations   | 5 6 7 |  7.5
Dodging        | 2 3 4 5 |  5.7
Spellcasting   | 3 4 5 |  5.4
Unarmed Combat | 1 2 3 |  3.8
Fighting       | 1 2 3 |  3.4
Translocations | 1 |  1.5
Evocations     | |  0.2

Action                   |  1- 3 |  4- 6 |  7- 9 || total
-------------------------+-------+-------+-------++-------
Melee: Unarmed           |    49 |    42 |    23 ||   114
       Tailslap          |     1 |     2 |     1 ||     4
 Cast: Magic Dart        |    51 |     2 |     6 ||    59
       Searing Ray       |    17 |    35 |    49 ||   101
       Iskenderun's Myst |       |       |     8 ||     8
 Abil: Breathe Lightning |       |       |     6 ||     6
Evoke: Wand              |       |     1 |     1 ||     2
  Use: Scroll            |       |     6 |     6 ||    12
       Potion            |       |       |    11 ||    11
Armor: Skin              |    15 |    39 |    51 ||   105
Dodge: Dodged            |    42 |    57 |    94 ||   193

Table legend: (Time is in decaauts)
 A = Elapsed time spent in this place.
 B = Non-inter-level travel time spent in this place.
 C = Inter-level travel time spent in this place.
 D = Time resting spent in this place.
 E = Time spent auto-exploring this place.
 F = Levels seen in this place.
 G = Mean time per level.
                   A        B        C        D        E       F      G
               +--------+--------+--------+--------+--------+-----+--------+
         Total |   7988 |   7827 |    161 |   1352 |   5321 |   7 | 1141.1 |
       Dungeon |   7988 |   7827 |    161 |   1352 |   5321 |   7 | 1141.1 |
               +--------+--------+--------+--------+--------+-----+--------+

Top non-repeatable levels by time:
     D:3: 1822 daAuts
     D:4: 1623 daAuts
     D:1: 1312 daAuts
     D:5: 1248 daAuts
     D:2: 977 daAuts
     D:6: 815 daAuts
     D:7: 189 daAuts
